 Dungeon Crawl Stone Soup version 0.30-a0-1114-gd936c97349 (webtiles) character file.

Game seed: 6705341743620794287

2146 garrulousMonolith the Cleaver (level 9, -2/79 HPs)
             Began as a Black Draconian Berserker on Apr 21, 2023.
             Was a Priest of Trog.
             Slain by a killer bee (4 damage)
             ... on level 6 of the Dungeon.
             The game lasted 00:08:14 (6533 turns).

garrulousMonolith the Cleaver (DrBe)                Turns: 6533, Time: 00:08:15

Health: -2/79      AC:  8    Str: 21    XL:     9   Next: 9%
Magic:  18/18      EV: 14    Int:  8    God:    Trog [***...]
Gold:   256        SH:  0    Dex: 13    Spells: 8/8 levels left

rFire   . . .      SeeInvis .    q - +0 broad axe
rCold   . . .      Faith    .    (no shield)
rNeg    + . .      Spirit   .    (body armour unavailable)
rPois   .          Reflect  .    (helmet restricted)
rElec   +          Rampage  .    f - +0 cloak
rCorr   .                        (no gloves)
Will    .....                    (no boots)
Stlth   +                        (no amulet)
HPRegen 0.33/turn                o - ring of magical power
MPRegen 0.16/turn                x - ring of positive energy

@: confused, lethally poisoned (-2 -> -19), on berserk cooldown, slowed, very
slow
A: breathe lightning, AC +7, unfitting armour, electricity resistance,
cold-blooded
a: Breathe Lightning, Renounce Religion, Berserk, Trog's Hand


You were on level 6 of the Dungeon.
You worshipped Trog.
Trog was most pleased with you.
You visited 2 branches of the dungeon, and saw 8 of its levels.
You also visited: Sewer.

You collected 256 gold pieces.

Inventory:

Hand Weapons
 a - a +0 hand axe
 g - a +1 spear of flaming
 i - a +0 dagger of venom
 q - a +0 broad axe (weapon)
 A - a +1 dagger of electrocution
 E - a +5 great sword
Missiles
 c - 9 poisoned darts
 h - 2 javelins (quivered)
 C - a throwing net
Armour
 f - a +0 cloak (worn)
Jewellery
 o - a ring of magical power (left hand)
 x - a ring of positive energy (right hand)
 y - a +6 ring of strength
Wands
 p - a wand of flame (7)
 u - a wand of light (25)
 w - a wand of polymorph (8)
Scrolls
 b - 2 scrolls of magic mapping
 d - a scroll of enchant weapon {unknown}
 e - 7 scrolls of teleportation
 j - 2 scrolls of immolation
 k - a scroll of enchant armour {unknown}
 n - a scroll of poison {unknown}
 t - a scroll of blinking
 B - a scroll of fog {unknown}
 D - a scroll of silence {unknown}
Potions
 l - a potion of cancellation {unknown}
 m - a potion of degeneration {unknown}
 r - a potion of heal wounds
 s - 2 potions of flight
 v - a potion of haste {unknown}
 z - 2 potions of might


   Skills:
 + Level 7.4 Fighting
 * Level 9.1 Axes
 + Level 6.1 Dodging


You had 8 spell levels left.
You didn't know any spells.
Your spell library was empty.

Dungeon Overview and Level Annotations

Branches:
Dungeon (7/15)             Temple (1/1) D:5           Sewer (visited)

Altars:
Ashenzari
Cheibriados
Dithmenos
Fedhas
Gozag
Hepliaklqana
Kikubaaqudgha
Makhleb
Nemelex Xobeh
Okawaru
Qazlal
Ru
Sif Muna
Trog
Uskayaw
Vehumet
Wu Jian
Xom
Yredelemnul
Zin
The Shining One


Innate Abilities, Weirdness & Mutations

You can breathe wild blasts of lightning.
Your glossy black scales are hard. (AC +7)
You cannot fit into any form of body armour.
You are resistant to electric shocks. (rElec)
You are cold-blooded and may be slowed by cold attacks.


Message History

The killer bee stings you but does no damage.
The orc wizard hits you with a +0 dagger.
* * * LOW HITPOINT WARNING * * *
The killer bee closely misses you. The killer bee misses you.
The killer bee stings you.
* * * LOW HITPOINT WARNING * * *
You slash the killer bee!
The killer bee is heavily wounded.
You slice the killer bee!!
You kill the killer bee!
Trog accepts your kill.
You barely miss the killer bee. You slash the orc wizard!
* * * LOW HITPOINT WARNING * * *
You feel very sick. The killer bee stings you.
* * * LOW HITPOINT WARNING * * *
You are more poisoned.
The killer bee poisons you! The killer bee barely misses you.
The orc wizard casts a spell at you.
You are confused.
* * * LOW HITPOINT WARNING * * *
You feel very sick. The killer bee barely misses you.
The orc wizard casts a spell at you. The magic dart hits you.
* * * LOW HITPOINT WARNING * * *
The killer bee closely misses you. x2
The killer bee attacks as you move away!
The killer bee closely misses you.
You feel a strong urge to attack something.
* * * LOW HITPOINT WARNING * * *
You feel very sick.
You bump into the rock wall.
You are no longer berserk.
You are exhausted.
You feel yourself slow down.
* * * LOW HITPOINT WARNING * * *
You feel very sick. The killer bee stings you.
You die...

#.♣.# #.#. #######
#)))# #.#. #.....#
##)## #.#.
#...#######'## #.#.
#..##...##...####.#.
#..#<.♣..'.♣.)..#.#.
#..##...##...#).....
#...#######.#####.#.
#..@..# ##.#####.##
#..yyo## #...#..#.#.
#...>!.# #.♣.##.#.#.
#......# #...##.#.#.
#......####>###.#.#.
#........######.#.#.
#.....##..........#.
##'########.........
#.############.#...


You could see 2 killer bees and an orc wizard.

Vanquished Creatures
  Grinder (D:3)
  Sigmund (D:4)
  An orc warrior (D:6)
  2 black bears (D:6)
  An ogre (D:4)
  A centaur (D:6)
  2 phantoms (D:6)
  2 kobold brigands (Sewer)
  A scorpion (D:6)
  3 wights (D:6)
  3 killer bees
  4 jellies
  A hound (D:5)
  An orc priest (D:6)
  Crazy Yiuf (D:3)
  A gnoll bouda (D:6)
  A sleepcap (D:5)
  An iguana (D:6)
  Ijyb (D:3)
  Natasha (D:2)
  2 orc wizards (D:6)
  Robin (D:2)
  8 gnolls
  8 adders
  2 river rats (Sewer)
  An ufetubus (D:6)
  5 worms
  3 dart slugs
  16 orcs
  6 endoplasms
  7 giant cockroaches
  11 goblins
  5 hobgoblins
  11 jackals
  5 quokkas
  9 ball pythons
  6 bats
  3 frilled lizards
  9 kobolds
  7 rats
155 creatures vanquished.

Notes
Turn   | Place    | Note
-------+----------+-------------------------------------------
     0 | D:1      | garrulousMonolith the Draconian Berserker began the quest
                  | for the Orb.
     0 | D:1      | Reached XP level 1. HP: 19/19 MP: 1/1
    77 | D:1      | Reached XP level 2. HP: 24/26 MP: 2/2
   443 | D:1      | Reached XP level 3. HP: 32/33 MP: 3/3
   656 | D:1      | Reached ** piety under Trog
  1360 | D:2      | Reached skill level 4 in Axes
  1362 | D:2      | Reached XP level 4. HP: 40/40 MP: 4/4
  1406 | D:2      | Noticed Robin
  1428 | D:2      | Killed Robin
  1933 | D:2      | Noticed Natasha
  1946 | D:2      | Killed Natasha
  1947 | D:2      | Reached XP level 5. HP: 36/46 MP: 5/5
  2602 | D:3      | Noticed Ijyb
  2612 | D:3      | Killed Ijyb
  2613 | D:3      | Reached skill level 5 in Axes
  2764 | D:3      | Noticed Grinder
  2779 | D:3      | Killed Grinder
  2780 | D:3      | Reached XP level 6. HP: 42/55 MP: 6/6
  2841 | D:3      | Found a basalt altar of Yredelemnul.
  2849 | D:3      | Found a shadowy altar of Dithmenos.
  2856 | D:3      | Found an opulent altar of Gozag.
  2864 | D:3      | Found a hazy altar of Hepliaklqana.
  2871 | D:3      | Found a sacrificial altar of Ru.
  2878 | D:3      | Found a glowing silver altar of Zin.
  2884 | D:3      | Found a radiant altar of Vehumet.
  3011 | D:3      | Found a shimmering blue altar of Sif Muna.
  3013 | D:3      | Reached *** piety under Trog
  3064 | D:3      | Found a glowing drain.
  3083 | Sewer    | Entered a sewer
  3091 | Sewer    | Reached skill level 5 in Fighting
  3175 | Sewer    | Reached skill level 6 in Axes
  3188 | Sewer    | Your scales start taking on a glossy black colour.
  3188 | Sewer    | Reached XP level 7. HP: 40/61 MP: 7/7
  3188 | Sewer    | Gained mutation: You are resistant to electric shocks.
                  | (rElec) [Black Draconian growth]
  3276 | Sewer    | Found a white marble altar of Elyvilon.
  3414 | D:3      | Found a burning altar of Makhleb.
  3484 | D:3      | Found a runed translucent door.
  3485 | D:3      | Noticed Crazy Yiuf
  3577 | D:3      | Killed Crazy Yiuf
  4330 | D:4      | Noticed Sigmund
  4342 | D:4      | Killed Sigmund
  4343 | D:4      | Reached skill level 7 in Axes
  4503 | D:5      | Entered Level 5 of the Dungeon
  4789 | D:5      | Found a staircase to the Ecumenical Temple.
  4805 | Temple   | Entered the Ecumenical Temple
  5156 | D:5      | Reached skill level 5 in Dodging
  5156 | D:5      | Reached XP level 8. HP: 61/70 MP: 8/8
  5664 | D:6      | Reached skill level 8 in Axes
  6512 | D:6      | Reached XP level 9. HP: 76/79 MP: 9/9
  6518 | D:6      | Reached skill level 9 in Axes
  6533 | D:6      | HP: 2/79 [poisoned by a killer bee]
  6533 | D:6      | Slain by a killer bee

Illustrated notes

Levels and vault maps discovered:
D:1:      dpeg_arrival_fog, layout_basic, shapermc_ecumenical_altar_petra
D:2:      minmay_chambers_of_ones, layout_loops_ring, uniq_natasha, uniq_robin
D:3:      layout_basic, amcnicky_altar_gilded, mainiacjoe_overflow_alcove_2,
          grunt_temple_overflow_octagram, portal_sewer_entry_b,
          uniq_crazy_yiuf_cottage, uniq_grinder, uniq_ijyb
D:4:      layout_gridville, uniq_sigmund
D:5:      layout_basic, temple_green
D:6:      layout_basic, grunt_ministairs_5
D:7:      layout_rooms, lemuel_round_altar, minmay_shop_damaged, uniq_maggie
Temple:   chequers_temple_sunken

Skill      XL: |  1  2  3  4  5  6  7  8  9 |
---------------+----------------------------+-----
Dodging        | 3 4 5 6 |  6.1
Axes           | 4 5 6 7 8 9 |  9.1
Fighting       | 4 5 6 7 |  7.4

Action                     |  1- 3 |  4- 6 |  7- 9 || total
---------------------------+-------+-------+-------++-------
  Melee: Hand axe          |    73 |   132 |       ||   205
         Tailslap          |     8 |    25 |    22 ||    55
         Punch             |       |     4 |     3 ||     7
         Broad axe         |       |    64 |   188 ||   252
  Throw: Javelin           |     2 |       |       ||     2
 Invoke: Berserk           |     2 |     2 |     6 ||    10
         Trog's Hand       |       |     3 |     9 ||    12
    Use: Scroll            |     1 |       |     5 ||     6
         Potion            |       |       |     2 ||     2
   Stab: Sleeping          |       |     2 |     1 ||     3
 Armour: Skin              |    32 |    68 |    73 ||   173
  Dodge: Dodged            |    51 |   149 |   188 ||   388

Table legend: (Time is in decaauts)
 A = Elapsed time spent in this place.
 B = Non-inter-level travel time spent in this place.
 C = Inter-level travel time spent in this place.
 D = Time resting spent in this place.
 E = Time spent auto-exploring this place.
 F = Levels seen in this place.
 G = Mean time per level.
                   A        B        C        D        E       F      G
               +--------+--------+--------+--------+--------+-----+--------+
         Total |   6771 |   6478 |    293 |    993 |   4386 |   9 |  752.3 |
       Dungeon |   6193 |   5906 |    287 |    865 |   4018 |   7 |  884.7 |
        Temple |    244 |    238 |      6 |      0 |    232 |   1 |  244.0 |
         Sewer |    334 |    334 |      0 |    128 |    135 |   1 |  334.0 |
               +--------+--------+--------+--------+--------+-----+--------+

Top non-repeatable levels by time:
     D:1: 1321 daAuts
     D:2: 1196 daAuts
     D:6: 1144 daAuts
     D:3: 895 daAuts
     D:4: 892 daAuts
     D:5: 729 daAuts
   Sewer: 334 daAuts
  Temple: 244 daAuts
     D:7: 13 daAuts
